 Dungeon Sprint DCSS version 0.28-a0-1429-gf3d713df7a (webtiles) character file.

Game seed: 11023785755152308692

10 jt the Sneak (level 2, -24/28 HPs)
             Began as a Naga Abyssal Knight on Jan 8, 2022.
             Was a Believer of Lugonu.
             Killed from afar by an oklob sapling (27 damage)
             ... with a splash of acid
             ... in the Dungeon (Sprint IV: "Fedhas' Mad Dash").
             The game lasted 00:00:17 (25 turns).

jt the Sneak (Naga Abyssal Knight)                    Turns: 25, Time: 00:00:18

Health: -24/28     AC:  2    Str: 15    XL:     2   Next: 20%
Magic:  2/3        EV:  9    Int: 10    God:    Lugonu [**....]
Gold:   0          SH:  0    Dex: 11    Spells: 1/1 levels left

rFire   . . .      SeeInvis +   a - +1 short sword
rCold   . . .      Faith    .   (no shield)
rNeg    . . .      Spirit   .   b - +0 leather armour
rPois   +          Reflect  .   (no helmet)
rElec   .          Harm     .   (no cloak)
rCorr   .          Rampage  .   (no gloves)
Will    .....      NoTele   +   (no barding)
Stlth   +++.......              (no amulet)
HPRegen 0.09/turn               (no ring)
MPRegen 0.08/turn               (no ring)

@: very slow
A: AC +0, large, see invisible, deformed body, poison resistance, slowness 2,
spit poison 1, naga tail 1
a: Spit Poison, Renounce Religion, Bend Space


You were in the Dungeon.
You worshipped Lugonu.
Lugonu was pleased with you.
You visited 1 branch

Inventory:

Hand Weapons
 a - a +1 short sword (weapon)
Armour
 b - a +0 leather armour (worn)
Scrolls
 h - a scroll of blinking
Potions
 c - a potion of curing
 d - a potion of heal wounds
 e - a potion of haste
 f - 2 potions of magic
 g - a potion of berserk rage
 i - a potion of flight {unknown}


   Skills:
 - Level 3.0 Fighting
 - Level 2.0 Short Blades
 - Level 1.5 Armour
 - Level 0.7 Dodging
 + Level 6.6 Stealth
 - Level 2.0 Invocations


You had one spell level left.
You didn't know any spells.
Your spell library was empty.

Dungeon Overview and Level Annotations

Branches:
Dungeon (1/1)

Altars:

Annotations:
D exclusion: oklob sapling


Innate Abilities, Weirdness & Mutations

Your serpentine skin is tough. (AC +0)
You have supernaturally acute eyesight. (SInv)
Armour fits poorly on your strangely shaped body.
Your system is resistant to poisons. (rPois)
You cover ground very slowly.
You can spit poison.
You have a snake-like lower body.


Message History

You open the door.
The river rat looks more healthy.
Aiming: Spit Poison (3% risk of failure)
Press: ? - help, Shift-Dir - straight line, f/p - river rat
Aim: a river rat (severely wounded)
The splash of poison hits the rat!
The rat is poisoned.
You kill the rat!
Lugonu accepts your kill.
Your Stealth skill gained 2 levels and is now at level 2!
You hit the river rat but do no damage.
The river rat is severely wounded.
The river rat barely misses you.
You hit the river rat but do no damage.
The river rat is severely wounded.
You have got your breath back.
The river rat barely misses you.
You hit the river rat.
You kill the river rat!
Lugonu accepts your kill.
You can now bend space around yourself.
Your Stealth skill gained 4 levels and is now at level 6!
You have reached level 2!
There is an open door here.
You see here a rat corpse.
i - a black potion You open the door.
Found 30 gold pieces.
An oklob sapling comes into view.
Found 11 gold pieces.
Marking area around an oklob sapling as unsafe for travelling.
There is an open door here.
Unknown command.
Okay, then.
Space bends around you!
You blink.
The oklob sapling spits acid at you. The splash of acid hits you!!
Ouch! That really hurt!
* * * LOW HITPOINT WARNING * * *
The oklob sapling spits acid at you. The splash of acid hits you!!
Ouch! That really hurt!
You die...

##################
#<..P#.....#.$$$$#
#PP..†.@...'.#
#PPPP#.....#P#
##############


You could see an oklob sapling.

Vanquished Creatures
  A river rat (D)
  A rat (D)
2 creatures vanquished.

Notes
Turn   | Place    | Note
-------+----------+-------------------------------------------
     0 | D        | jt the Naga Abyssal Knight began the quest for the Orb.
     0 | D        | Reached XP level 1. HP: 21/21 MP: 2/2
    12 | D        | Reached skill level 2 in Stealth
    14 | D        | Reached ** piety under Lugonu
    15 | D        | Reached skill level 6 in Stealth
    15 | D        | Reached XP level 2. HP: 28/28 MP: 3/3
    23 | D        | Noticed an oklob sapling
    25 | D        | Killed from afar by an oklob sapling

Illustrated notes

Levels and vault maps discovered:
D:        dungeon_sprint_fedhas [sprint_temple]

Skill      XL: |  1 |
---------------+----+-----
Stealth        | 6 |  6.6
Fighting       | |  3.0
Short Blades   | |  2.0
Armour         | |  1.5
Dodging        | |  0.7
Invocations    | |  2.0

Action                   || total
-------------------------++-------
Melee: Short sword       ||     3
Invok: Bend Space        ||     1
 Abil: Spit Poison       ||     2
Dodge: Dodged            ||     2

Table legend: (Time is in decaauts)
 A = Elapsed time spent in this place.
 B = Non-inter-level travel time spent in this place.
 C = Inter-level travel time spent in this place.
 D = Time resting spent in this place.
 E = Time spent auto-exploring this place.
 F = Levels seen in this place.
 G = Mean time per level.
                   A        B        C        D        E       F      G
               +--------+--------+--------+--------+--------+-----+--------+
         Total |     29 |     29 |      0 |      4 |      0 |   1 |   29.0 |
       Dungeon |     29 |     29 |      0 |      4 |      0 |   1 |   29.0 |
               +--------+--------+--------+--------+--------+-----+--------+

Top non-repeatable levels by time:
       D: 29 daAuts
